 Dungeon Crawl Stone Soup version 0.31-a0-188-g5e087ee2ca (webtiles) character file.

Game seed: 10507139995728929164

57 qw the Shooter (level 3, 0/20 HPs)
             Began as a Deep Elf Hunter on June 23, 2023.
             Succumbed to their own poison gas
             ... on level 2 of the Dungeon.
             The game lasted 00:00:22 (724 turns).

qw the Shooter (Deep Elf Hunter)                     Turns: 724, Time: 00:00:23

Health: 0/20       AC:  5    Str: 10    XL:     3   Next: 73%
Magic:  5/5        EV: 12    Int: 13    God:
Gold:   82         SH:  0    Dex: 18    Spells: 2/2 levels left

rFire   + . .        Y - +0 shortbow
rCold   + . .        (shield currently unavailable)
rNeg    . . .        k - +2 leather armour of Wovoobb {rF+ rC+ SInv}
rPois   .            (no helmet)
rElec   .            (no cloak)
rCorr   .            (no gloves)
SInv    +            (no boots)
Will    .....        f - amulet of faith
Stlth   ++           (no ring)
HPRegen 0.23/turn    (no ring)
MPRegen 0.09/turn

%: faith
@: lethally poisoned (0 -> -2)
A: no striking features
a: no special abilities


You were on level 2 of the Dungeon.
You visited 1 branch of the dungeon, and saw 2 of its levels.

You collected 82 gold pieces.


   Skills:
 - Level 1.5 Fighting
 + Level 7.2 Ranged Weapons
 - Level 2.4 Dodging
 - Level 1.2 Stealth


You had 2 spell levels left.
You didn't know any spells.
Your spell library was empty.

Inventory:

Hand Weapons
 Y - a +0 shortbow (weapon)
Armour
 j - a +0 ring mail
 k - the +2 leather armour of Wovoobb (worn) {rF+ rC+ SInv}
   (You found it on level 2 of the Dungeon)

   rF:        It protects you from fire.
   rC:        It protects you from cold.
   SInv:      It lets you see invisible.
Jewellery
 f - an amulet of faith (around neck)
Potions
 d - a potion of lignification {unknown}
 i - a potion of degeneration {unknown}
 l - a potion of magic {unknown}
 m - a potion of might {unknown}

Dungeon Overview and Level Annotations

Branches:
Dungeon (2/15)

Altars:


Message History

Enter note:
Enter note:
Enter note:
Enter note:
Enter note:
Enter note:
Enter note:
Enter note:
Enter note:
714 ||| DROPPING scroll of butterflies.
You drop a scroll of butterflies.
(D) Dungeon
Where to? (* - list waypoints, ? - help)
What level of the Dungeon? (default 1, ? - help) Sorry, I don't know how to get there.
Really walk into that cloud of poison gas?
An adder comes into view.
Found a stone staircase leading down and a stone staircase leading up.
You are engulfed in poison gas.
You are lethally poisoned!
You feel very sick.
716 ||| Stepping ~*~*~tactically~*~*~ (cloud).
You feel very sick.
Things that are here:
a scroll of butterflies; a +0 leather armour
There is a lethal amount of poison in your body!
You feel very sick.
There is a lethal amount of poison in your body!
You feel sick.
There is a lethal amount of poison in your body!
You feel sick.
There is a lethal amount of poison in your body!
You feel sick.
There is a lethal amount of poison in your body!
You feel sick.
There is a lethal amount of poison in your body!
You feel sick.
There is a lethal amount of poison in your body!
You feel sick.
There is a lethal amount of poison in your body!
You die...

.....# #.................# ...#.#
####.#.)............## .....#
###.¤##.....##.....##
.##..#######0#...#######*****
.#*.......##.#.#########
##*.###*#0.)¤.0¤...##### *,*
##.¤0.¤0##....## *,**
*#000....¤####..#******** *,,*
#.00...00@0##....,*,,,,,**
****,**#.¤0.¤.¤000#.....,,,,,,,,*
,***,,,#.¤¤¤0¤¤¤00......,,,,,,,,,
,,,,,<#....¤¤..0..0.00..,,,,,,,,,
,,,,,,...00¤.¤.¤0.0¤.¤0.,,,,,,,,,
,,,,,,,##00.¤0.00#.00...,,,,,,,,,
,**,*,,*#0.0.0.0.#.00.¤.,,,,,,,,,
,*,***,*.000<0.0)0.000..,,,,,,,,,
,,*,*,**.S.<.....>*....,,,,,,,,,*


There were no monsters in sight!

Vanquished Creatures
  3 adders (D:2)
  A worm (D:2)
  2 dart slugs
  An orc (D:2)
  2 giant cockroaches
  2 goblins (D:2)
  A hobgoblin (D:2)
  3 kobolds
  A quokka (D:2)
  A ball python (D:1)
  6 bats
  2 frilled lizards
25 creatures vanquished.

Notes
Turn   | Place    | Note
-------+----------+-------------------------------------------
     0 | D:1      | qw the Deep Elf Hunter began the quest for the Orb.
     0 | D:1      | Reached XP level 1. HP: 12/12 MP: 3/3
     0 | D:1      | 0 ||| qw: Version: 0.3-a-9-g12657ce
     0 | D:1      | 0 ||| qw: Game counter: 3961
     0 | D:1      | 0 ||| qw: Always use a shield: true
     0 | D:1      | 0 ||| qw: God list: Okawaru
     0 | D:1      | 0 ||| qw: Allow faded altars: false
     0 | D:1      | 0 ||| qw: Do Orc after D:15 true
     0 | D:1      | 0 ||| qw: Do second Lair branch before Depths: true
     0 | D:1      | 0 ||| qw: Lair rune preference: random
     0 | D:1      | 0 ||| qw: Plans: Normal
     0 | D:1      | 0 ||| PLANNING D:1-11
   207 | D:1      | Reached skill level 6 in Ranged Weapons
   207 | D:1      | Reached XP level 2. HP: 16/16 MP: 4/4
   251 | D:1      | Found a faded altar of an unknown god.
   325 | D:1      | You fall into a shaft and drop 1 floor!
   480 | D:2      | HP: 2/16 [worm (10)]
   483 | D:2      | Reached XP level 3. HP: 4/20 MP: 5/5
   563 | D:2      | Identified the +2 leather armour of Wovoobb {rF+ rC+ SInv}
   621 | D:2      | Reached skill level 7 in Ranged Weapons
   685 | D:2      | 685 ||| UPGRADING to +0 ring mail.
   695 | D:2      | 695 ||| DROPPING +0 leather armour.
   696 | D:2      | 696 ||| UPGRADING to +2 leather armour of Wovoobb {rF+ rC+
                  | SInv}.
   706 | D:2      | 706 ||| UPGRADING to amulet of faith.
   711 | D:2      | 711 ||| READING scroll labelled EWEQUA ALIEMNOPP.
   712 | D:2      | 712 ||| READING scroll labelled MAUC NYRAUPHEDD.
   713 | D:2      | 713 ||| READING scroll labelled WEP TEODAU.
   714 | D:2      | 714 ||| DROPPING scroll of butterflies.
   716 | D:2      | 716 ||| Stepping ~*~*~tactically~*~*~ (cloud).
   719 | D:2      | HP: 5/20 [poisoned by you (poison gas)]
   721 | D:2      | HP: 2/20 [poisoned by you (poison gas)]
   724 | D:2      | Succumbed to their own poison gas

Levels and vault maps discovered:
D:1:      arrival_zaba_pyramid, layout_basic,
          dreamdust_ecumenical_altar_hidden_monk_grotto
D:2:      layout_rooms, minmay_tripent

Skill      XL: |  1  2  3 |
---------------+----------+-----
Ranged Weapons | 6 7 |  7.2
Fighting       | |  1.5
Dodging        | |  2.4
Stealth        | |  1.2

Action                     || total
---------------------------++-------
   Fire: Shortbow          ||    86
    Use: Scroll            ||     3
 Armour: Leather armour    ||    12
  Dodge: Dodged            ||    27

Table legend:
 A = Non-vault XP
 B = Vault XP
 C = Vault XP percentage of total XP
 D = Non-vault monster count
 E = Vault monster count
 F = Vault count percentage of total count
                 A         B        C        D         E       F
            +---------+---------+-------+---------+---------+-------
      Total |      82 |       0 |   0.0 |      25 |       0 |   0.0
            +---------+---------+-------+---------+---------+-------
        D:1 |      17 |       0 |   0.0 |      10 |       0 |   0.0
        D:2 |      65 |       0 |   0.0 |      15 |       0 |   0.0
            +---------+---------+-------+---------+---------+-------
